 Dungeon Crawl Stone Soup version 0.19-a0-450-g98b348d (webtiles) character file.

20622 Hipnos the Earth Mage (level 12, -9/64 HPs)
             Began as a Gargoyle Earth Elementalist on June 1, 2016.
             Was a High Priest of Vehumet.
             Mangled by a white ugly thing (19 damage)
             ... in an ice cave.
             The game lasted 01:07:38 (14688 turns).

Hipnos the Earth Mage (GrEE)                       Turns: 14688, Time: 01:07:40

Health: -9/64      AC: 13    Str:  9    XL:     12   Next: 81%
Magic:  0/27       EV: 19    Int: 25    God:    Vehumet [*****.]
Gold:   933        SH:  0    Dex: 12    Spells: 6 memorised, 13 levels left

rFire  + + .     SeeInvis .     t - +2 whip (elec)
rCold  . . .     Gourm    .     M - +1 robe {rF+}
rNeg   + . .     Faith    .     (no shield)
rPois  ∞         Spirit   +     z - +1 hat {Int+3}
rElec  +         Dismiss  .     (no cloak)
rCorr  .         Reflect  .     G - +0 pair of gloves of the Undertaker {Dex+4} (curse)
SustAt .         Harm     .     (no boots)
MR     .....     Rnd*Rage +     w - amulet of guardian spirit
Stlth  ++........               q - ring of protection from fire
                                u - +2 ring of evasion

@: exhausted, slowed, very slow, not resistant to hostile enchantments,
unstealthy
A: horns 1, repulsion field 1, berserk 2, clumsy 1, negative energy resistance
1, screaming 1, electricity resistance, weak 1, wild magic 2, unbreathing,
petrification resistance, rot immunity, AC +8
a: Renounce Religion


You were in an ice cave.
You worshipped Vehumet.
Vehumet was extremely pleased with you.
You were near starving.

You visited 2 branches of the dungeon, and saw 14 of its levels.
You also visited: Ice Cave.

You collected 933 gold pieces.

Inventory:

Hand Weapons
 t - a +2 whip of electrocution (weapon)
 H - a +5 dire flail of draining
 L - a +1 whip of freezing
 T - a +2 flail of holy wrath
Missiles
 b - 289 stones (quivered)
Armour
 h - a +1 pair of gloves
 z - a +1 hat of intelligence (worn)
 E - a +1 robe of positive energy
 G - the cursed +0 pair of gloves of the Undertaker (worn) {Dex+4}
   (You found it on level 5 of the Dungeon)

   It affects your dexterity (+4).
   It has a curse placed upon it.
 M - a +1 robe of fire resistance (worn)
 P - the +7 plate armour of a Thousand Places {rCorr, unknown}
   (You found it on level 9 of the Dungeon)

   It protects you from acid and corrosion.
 R - a +3 scale mail
Jewellery
 p - an uncursed ring of sustain attributes
 q - a ring of protection from fire (right hand)
 u - a +2 ring of evasion (left hand)
 w - an amulet of guardian spirit (around neck)
 S - an uncursed ring of poison resistance {unknown}
Wands
 C - a wand of disintegration (8/24)
 D - a wand of flame (16/48)
 K - a wand of flame (28/48)
 Y - a wand of polymorph (12/24)
Scrolls
 a - 4 scrolls of enchant armour
 f - a scroll of fear
 g - 5 scrolls of remove curse
 l - 3 scrolls of teleportation
 o - 2 scrolls of fog
 r - 2 scrolls of recharging
 s - 3 scrolls of noise {unknown}
 x - 2 scrolls of immolation {unknown}
 y - 4 scrolls of magic mapping {unknown}
 A - 2 scrolls of amnesia {unknown}
 J - 3 scrolls of blinking
 N - 2 scrolls of enchant weapon {unknown}
 Q - a scroll of acquirement {unknown}
Potions
 c - a potion of haste
 e - a potion of heal wounds
 i - a potion of magic
 n - 2 potions of ambrosia
 B - a potion of resistance
 I - 2 potions of brilliance
 O - a potion of cancellation {unknown}
 U - a potion of cure mutation {unknown}
 W - a potion of flight {unknown}
 Z - 2 potions of curing
Books
 X - the Catalogue of Freezing Dark Arts
   (You found it on level 12 of the Dungeon)

   Spells                             Type                      Level
   a - Pain                           Necromancy                   1
   b - Throw Icicle                   Conjuration/Ice              4
   c - Control Undead                 Necromancy                   4
   d - Bolt of Draining               Conjuration/Necromancy       5
   e - Death Channel                  Necromancy                   6
Comestibles
 d - 7 bread rations
 j - 7 chunks of flesh
 k - 9 royal jellies
 m - 5 meat rations
 v - 2 fruits
 V - a beef jerky


   Skills:
 + Level 3.4 Fighting
 + Level 2.8 Maces & Flails
 + Level 6.3 Dodging
 - Level 2.1 Stealth
 + Level 11.9 Spellcasting
 - Level 0.7 Transmutations
 + Level 16.2 Earth Magic


You had 13 spell levels left.
You knew the following spells:

 Your Spells              Type           Power        Failure   Level  Hunger
a - Sandblast             Erth           ######       1%          1    None
b - Passwall              Tmut/Erth      ######....   1%          2    None
c - Stone Arrow           Conj/Erth      ######       1%          3    None
d - Petrify               Tmut/Erth      ######..     4%          4    None
e - Lee's Rapid Deconstr  Erth           ########..   1%          5    ###....
f - Iron Shot             Conj/Erth      ######....   12%         6    #####..


Dungeon Overview and Level Annotations

Branches:
Dungeon (12/15)            Temple (0/1) D:5            Lair (2/8) D:11
    Orc (0/2) D:12

Altars:
Hepliaklqana
Kikubaaqudgha
Pakellas
Uskayaw
Vehumet
Xom
Yredelemnul
The Shining One

Shops:
D:11 (


Innate Abilities, Weirdness & Mutations

You are resistant to torment.
Your stone body is resilient. (AC +8)
You are immune to poison.
You resist negative energy. (rN+)
You are resistant to electric shocks. (rElec)
You can survive without breathing.
You are immune to petrification.
You are immune to rotting.
You have a pair of small horns on your head.
You are surrounded by a mild repulsion field. (EV +2)
You often lose your temper in combat.
You are clumsy. (Dex -2)
You occasionally shout uncontrollably at your foes.
You are weak. (Str -2)
Your spells are harder to cast, but more powerful.


Message History

The white ugly thing partially resists.
The white ugly thing is heavily wounded.
The icy blast hits the ice beast.
The ice beast partially resists.
You kill the ice beast!
Vehumet accepts your kill.
You feel your power returning. The ice beast misses you.
The white ugly thing barely misses you. The white ugly thing gores you!
The white ugly thing freezes you! The ice beast barely misses you.
Casting: Lee's Rapid Deconstruction
Confirm with . or Enter, or press ? or * to list all spells.
Aiming: Lee's Rapid Deconstruction
Press: ? - help, Dir - move target cursor The wall shatters!
The white ugly thing gores you. The white ugly thing freezes you!
* * * LOW HITPOINT WARNING * * *
The ice beast barely misses you. The white ugly thing gores you!
* * * LOW HITPOINT WARNING * * *
The white ugly thing freezes you!!
You die...

#######
##..Y@.##
##...u...##
##.........##
#.....∩.....#
#...........#
#...........#
#.............#
#....8...8....#
#......[......#


You could see a white ugly thing and an ice beast.

Vanquished Creatures
  Gastronok (D:9)
  The ghost of Bronet the Fighter, a journeyman GrFi of Pakellas (D:10)
  A hydra (D:12)
  Erica (D:8)
  2 unseen horrors (D:11)
  A hill giant (D:10)
  Pikel (D:7)
  2 ugly things
  A manticore (D:11)
  A cyclops (D:11)
  A centaur zombie (D:12)
  Psyche (D:7)
  2 spiny frogs
  A komodo dragon (Lair:1)
  2 ice devils (Lair:2)
  A queen bee (D:9)
  A troll (D:12)
  2 two-headed ogres
  11 yaks
  Eustachio (D:5)
  A wyvern (D:11)
  2 hippogriffs
  2 hungry ghosts
  Menkaure (D:6)
  A soldier ant (D:12)
  Edmund (D:5)
  A porcupine (Lair:1)
  2 water moccasins (Lair:1)
  9 ice beasts
  2 slaves (D:7)
  7 orc warriors
  4 sky beasts
  An eye of draining (D:10)
  2 necrophages
  8 ogres
  A phantom (D:10)
  4 centaurs
  2 big kobolds
  Blork the orc (D:5)
  3 giant frogs
  2 scorpions
  20 killer bees
  7 howler monkeys
  3 crimson imps
  A giant frog zombie (D:7)
  4 hounds
  4 jellies
  5 giant frog skeletons
  2 gnoll shamans (D:10)
  4 orc priests
  11 orc wizards
  4 centaur skeletons
  9 iguanas
  14 worker ants
  17 sheep
  A hound zombie (D:5)
  2 hound skeletons (D:5)
  11 adders
  21 gnolls
  15 river rats
  A shadow imp (D:5)
  An ooze (D:1)
  An adder zombie (D:5)
  An adder skeleton (D:5)
  3 worms
  A dart slug (D:1)
  12 giant geckos
  38 orcs
  2 ball pythons (D:2)
  7 bats
  3 giant cockroaches
  8 goblins
  10 hobgoblins
  5 jackals
  10 quokkas
  A giant cockroach zombie (D:6)
  A giant gecko skeleton (D:5)
  5 giant newts
  A jackal skeleton (D:4)
  13 kobolds
  2 quokka skeletons
  A quokka zombie (D:7)
  13 rats
  A spectral orc (D:7)
  A fungus (Lair:2)
389 creatures vanquished.

Vanquished Creatures (others)
  A slave (D:7)
1 creature vanquished.

Grand Total: 390 creatures vanquished

Notes
Turn   | Place    | Note
--------------------------------------------------------------
     0 | D:1      | Hipnos the Gargoyle Earth Elementalist began the quest for the Orb.
     0 | D:1      | Reached XP level 1. HP: 10/10 MP: 3/3
    34 | D:1      | Reached skill level 4 in Earth Magic
   111 | D:1      | Reached XP level 2. HP: 12/15 MP: 1/5
   741 | D:1      | Reached XP level 3. HP: 19/19 MP: 1/6
  1352 | D:2      | Learned a level 2 spell: Passwall
  1356 | D:2      | Learned a level 3 spell: Stone Arrow
  1410 | D:2      | Reached skill level 5 in Earth Magic
  1610 | D:2      | Reached XP level 4. HP: 23/24 MP: 0/7
  2445 | D:3      | Found a faded altar of an unknown god.
  2535 | D:3      | Reached XP level 5. HP: 21/28 MP: 1/9
  2551 | D:3      | Noticed an ogre
  2814 | D:3      | Killed an ogre
  2814 | D:3      | Reached skill level 6 in Earth Magic
  3090 | D:4      | Reached XP level 6. HP: 32/32 MP: 8/11
  3210 | D:4      | Reached skill level 7 in Earth Magic
  3378 | D:4      | Found a radiant altar of Vehumet.
  3405 | D:4      | Became a worshipper of Vehumet
  3677 | D:4      | Reached XP level 7. HP: 29/36 MP: 6/13
  3682 | D:4      | Reached skill level 8 in Earth Magic
  3776 | D:5      | Entered Level 5 of the Dungeon
  3824 | D:5      | Noticed Blork the orc
  3849 | D:5      | Killed Blork the orc
  4073 | D:5      | Got a pair of distressingly furry gloves
  4095 | D:5      | Identified the cursed +0 pair of gloves of the Undertaker {Dex+4} (You found it on level 5 of the Dungeon)
  4124 | D:5      | Reached * piety under Vehumet
  4124 | D:5      | Offered knowledge of Shock by Vehumet.
  4140 | D:5      | Reached skill level 9 in Earth Magic
  4148 | D:5      | Learned a level 4 spell: Petrify
  4154 | D:5      | Learned a level 5 spell: Lee's Rapid Deconstruction
  4180 | D:5      | Noticed Eustachio
  4194 | D:5      | Killed Eustachio
  4194 | D:5      | Reached XP level 8. HP: 41/41 MP: 0/15
  4288 | D:5      | Found a staircase to the Ecumenical Temple.
  4460 | D:5      | Reached skill level 5 in Spellcasting
  4485 | D:5      | Noticed Edmund
  4492 | D:5      | Killed Edmund
  4626 | D:6      | Reached skill level 10 in Earth Magic
  4673 | D:6      | Gained mutation: Your mind is acute. (Int +2) [mutagenic meat]
  4674 | D:6      | Gained mutation: You have a pair of small horns on your head. [mutagenic meat]
  4752 | D:6      | Noticed Menkaure
  4757 | D:6      | Killed Menkaure
  5192 | D:6      | Reached skill level 11 in Earth Magic
  5192 | D:6      | Reached XP level 9. HP: 43/45 MP: 6/18
  5364 | D:6      | Reached ** piety under Vehumet
  5364 | D:6      | Offered knowledge of Sting by Vehumet.
  6013 | D:7      | Found an ancient bone altar of Kikubaaqudgha.
  6123 | D:7      | Noticed Pikel
  6139 | D:7      | Killed Pikel
  6139 | D:7      | Reached skill level 12 in Earth Magic
  6589 | D:7      | Found a basalt altar of Yredelemnul.
  6643 | D:8      | Noticed Psyche
  6650 | D:7      | Offered knowledge of Searing Ray by Vehumet.
  6652 | D:7      | Killed Psyche
  6743 | D:8      | Reached skill level 13 in Earth Magic
  6743 | D:8      | Reached XP level 10. HP: 50/50 MP: 15/21
  6787 | D:8      | Noticed Erica
  6913 | D:8      | Killed Erica
  7060 | D:8      | Found a shimmering altar of Xom.
  7144 | D:8      | Reached *** piety under Vehumet
  7399 | D:8      | Found a glowing golden altar of the Shining One.
  7399 | D:8      | Found a hazy altar of Hepliaklqana.
  7497 | D:9      | Reached skill level 14 in Earth Magic
  7528 | D:9      | Offered knowledge of Sticky Flame by Vehumet.
  7542 | D:9      | Got an encrusted plate armour
  7817 | D:9      | Found an oddly glowing altar of Pakellas.
  8015 | D:9      | Noticed Gastronok
  8095 | D:9      | Killed Gastronok
  8095 | D:9      | Reached XP level 11. HP: 18/55 MP: 6/24
  8452 | D:9      | Found a hide-covered altar of Uskayaw.
  8533 | D:10     | Entered Level 10 of the Dungeon
  8713 | D:10     | Gained mutation: You are weak. (Str -2) [mutagenic meat]
  8714 | D:10     | Gained mutation: You are surrounded by a mild repulsion field. (EV +2) [mutagenic meat]
  8715 | D:10     | Gained mutation: Your spells are a little harder to cast, but a little more powerful. [mutagenic meat]
  8716 | D:10     | Lost mutation: Your mind is acute. (Int +2) [mutagenic meat]
  8736 | D:10     | Noticed a hill giant
  8742 | D:10     | Killed a hill giant
  8742 | D:10     | Reached skill level 1 in Maces & Flails
  8742 | D:10     | Reached skill level 10 in Spellcasting
  9571 | D:10     | Noticed Bronet's ghost (journeyman GrFi)
  9616 | D:10     | Killed Bronet's ghost
  9616 | D:10     | Reached skill level 1 in Fighting
 10061 | D:11     | Found Ezajaowk's Antique Weapon Shoppe.
 10072 | D:11     | Noticed a manticore
 10105 | D:11     | Killed a manticore
 10162 | D:11     | Reached **** piety under Vehumet
 10248 | D:11     | Noticed a red ugly thing
 10281 | D:11     | Killed a red ugly thing
 10281 | D:11     | Reached skill level 15 in Earth Magic
 10291 | D:11     | Gained mutation: You are clumsy. (Dex -2) [mutagenic meat]
 10292 | D:11     | Gained mutation: You occasionally shout uncontrollably at your foes. [mutagenic meat]
 10433 | D:11     | Offered knowledge of Olgreb's Toxic Radiance by Vehumet.
 10437 | D:11     | Noticed a cyclops
 10440 | D:11     | Killed a cyclops
 10449 | D:11     | HP: 4/85 [two-headed ogre/giant club (10)]
 10607 | D:12     | Reached skill level 5 in Dodging
 10980 | D:11     | Gained mutation: You tend to lose your temper in combat. [potion of mutation]
 10980 | D:11     | Gained mutation: Your spells are harder to cast, but more powerful. [potion of mutation]
 10980 | D:11     | Gained mutation: You often lose your temper in combat. [potion of mutation]
 10987 | D:11     | Found a staircase to the Lair.
 11447 | D:11     | Killed an unseen horror
 11447 | D:11     | Reached XP level 12. HP: 32/64 MP: 1/26
 12265 | D:12     | Found a staircase to the Orcish Mines.
 12594 | D:12     | Identified the Catalogue of Freezing Dark Arts
 12688 | D:12     | Noticed a seven-headed hydra
 12690 | D:12     | Killed a seven-headed hydra
 13446 | Lair:1   | Entered Level 1 of the Lair of Beasts
 13569 | Lair:1   | Reached ***** piety under Vehumet
 13575 | Lair:1   | Offered knowledge of Iron Shot by Vehumet.
 13608 | Lair:1   | Learned a level 6 spell: Iron Shot
 13756 | Lair:1   | Found an oddly glowing altar of Pakellas.
 14424 | Lair:1   | Reached skill level 16 in Earth Magic
 14611 | Lair:2   | Found a frozen archway.
 14643 | Lair:2   | HP: 2/64 [ice devil (12)]
 14679 | IceCv    | Entered an ice cave
 14688 | IceCv    | Mangled by a white ugly thing

Vault maps used:
D:1:      minmay_arrival_jagged, st_stairs_5
D:2:      first_bread
D:3:      ecumenical_altar_2
D:4:      kennysheep_little_box
D:5:      minmay_temple_entry_junction, uniq_eustachio, uniq_edmund,
          uniq_blork_the_orc
D:6:      gup_sewer_entry_bubbles, uniq_menkaure
D:7:      yredelemnul_forgotten_temple_becter, old_standard_altar, uniq_pikel
D:8:      amethyst_overflow_temple_binary, lemuel_crystal_altar, uniq_erica,
          uniq_psyche
D:9:      lemuel_coloured_pillars_altar, grunt_pakellas_basics, david_nohive_1,
          minmay_misc_feat_tower, uniq_gastronok
D:11:     lair_0_dummy, serial_shops, nicolae_shop_crystal, enter_bailey_3,
          minmay_crystal_water, minmay_joined_circles
D:12:     david_orc_2
Lair:1:   basic_altar
Lair:2:   portal_ice_cave_demonic_guard, minmay_stone_trees_small
IceCv:    ice_cave_statue_garden_teleport

Skill      XL: |  1  2  3  4  5  6  7  8  9 10 11 12 |
---------------+-------------------------------------+-----
Earth Magic    | 4 5 6 7 9 11 13 14 15 16 | 16.2
Spellcasting   | 3 4 6 7 9 10 11 | 11.9
Dodging        | 2 3 5 6 |  6.3
Maces & Flails | 2 |  2.8
Fighting       | 2 3 |  3.4
Stealth        | |  2.1
Transmutations | |  0.7

Action                   |  1- 3 |  4- 6 |  7- 9 | 10-12 || total
-------------------------+-------+-------+-------+-------++-------
Melee: Unarmed           |     2 |     3 |       |       ||     5
       Whip              |       |       |    20 |    90 ||   110
       Headbutt          |       |       |       |    63 ||    63
       Flail             |       |       |       |   315 ||   315
 Cast: Sandblast         |    86 |    97 |   115 |   165 ||   463
       Stone Arrow       |       |     5 |    39 |   104 ||   148
       Lee's Rapid Decon |       |       |       |    88 ||    88
       Iron Shot         |       |       |       |     2 ||     2
       Petrify           |       |       |       |     2 ||     2
  Use: Scroll            |     2 |     4 |     5 |     8 ||    19
       Potion            |       |       |       |    19 ||    19
 Stab: Sleeping          |       |       |       |     2 ||     2
  Eat: Chunk             |     3 |     6 |    15 |    42 ||    66
       Beef jerky        |       |       |       |     3 ||     3
       Pizza             |       |       |       |     1 ||     1
       Fruit             |       |       |       |     1 ||     1
Armor: Robe              |    26 |    16 |    40 |   248 ||   330
       Skin              |       |       |       |    23 ||    23
Dodge: Dodged            |    44 |    45 |    43 |   585 ||   717
